 Dungeon Crawl Stone Soup version 0.31-a0-1626-g5cb510d322 (webtiles) character file.

Game seed: 10257712649138610560

115577 Implojin the Unseen (level 16, -29/87 HPs)
             Began as a Deep Elf Brigand on Jan 12, 2024.
             Was a High Priest of Hepliaklqana.
             Killed from afar by Nikola (67 damage)
             ... with an arc of chain lightning
             ... on level 1 of the Spider Nest.
             The game lasted 01:58:38 (35950 turns).

Implojin the Unseen (Deep Elf Brigand)             Turns: 35950, Time: 01:58:39

Health: -29/87     AC: 24    Str: 13    XL:     16   Next: 18%
Magic:  19/25      EV: 28    Int: 20    God:    Hepliaklqana [*****.]
Gold:   436        SH: 12    Dex: 28    Spells: 15/15 levels left

rFire   + . .        z - +1 short sword (speed)
rCold   + + +        R - +0 buckler
rNeg    + . .        V - +6 ring mail of Woeraguss {+Inv rF- rC++ Str+3}
rPois   +            h - +0 helmet
rElec   +            Y - +1 cloak {Will+}
rCorr   +            A - +1 pair of gloves
SInv    .            I - +2 pair of slick slippers {slick, slippery, EV+4}
Will    +++..        a - amulet of Hiofoh {Reflect rPois Will+ rCorr SH+5}
Stlth   ++++++++     x - ring of Moderation {rElec rC++ rN+ Int-2 Dex+6}
HPRegen 0.34/turn    U - ring "Resop" {rF++ AC+4 Str+2 Int+3 Slay+2}
MPRegen 0.19/turn

%: reflection
@: studying Stealth
A: reduced essence
a: Renounce Religion, Evoke Invisibility, Recall Ancestor, Ancestor Identity,
Transference, Idealise


You were on level 1 of the Spider Nest.
You worshipped Hepliaklqana.
Hepliaklqana was extremely pleased with you.
You visited 5 branches of the dungeon, and saw 24 of its levels.
You also visited: Gauntlet.

You collected 2497 gold pieces.
You spent 2061 gold pieces at shops.

Inventory:

Hand Weapons
 n - a +1 short sword of venom
 z - a +1 short sword of speed (weapon)
Missiles
 d - 31 poisoned darts
 e - a curare-tipped dart (quivered)
 v - 14 boomerangs
 y - 6 darts of dispersal
 H - 5 silver javelins
 O - 2 javelins
 Q - 5 datura-tipped darts
Armour
 g - the +6 scale mail of Moawn {-Cast rPois rN+}
   (You found it on level 4 of the Lair of Beasts)

   rPois:     It protects you from poison rN+: It protects you from negative
   energy.
   -Cast:     It prevents spellcasting.
 h - a +0 helmet (worn)
 q - a +0 kite shield
 r - a +2 troll leather armour
 A - a +1 pair of gloves (worn)
 I - the +2 pair of slick slippers (worn) {slick, slippery, EV+4}
   (You bought it in a shop on level 4 of the Dungeon)

   Slick:     Its wearer cannot be constricted, engulfed, netted or webbed.
   Slippery:  Its wearer slips away from damaging melee attacks, pulling the
   attacker onward.
   EV+4:      It affects your evasion (+4).
 L - a +1 ring mail of cold resistance
 R - a +0 buckler (worn)
 V - the +6 ring mail of Woeraguss (worn) {+Inv rF- rC++ Str+3}
   (You found it on level 11 of the Dungeon)

   Str+3:     It affects your strength (+3).
   rF-:       It makes you vulnerable to fire.
   rC++:      It greatly protects you from cold.
   +Inv:      It lets you turn invisible.
 X - a +2 robe of willpower
 Y - a +1 cloak of willpower (worn)
Jewellery
 a - the amulet of Hiofoh (around neck) {Reflect rPois Will+ rCorr SH+5}
   (You found it in a Gauntlet)

   [amulet of reflection]

   Reflect:   It reflects blocked missile attacks.
   rPois:     It protects you from poison Will+: It increases your willpower.
   rCorr:     It protects you from acid and corrosion.
   SH+5:      It affects your SH (+5).
 c - a ring of willpower
 k - a ring of see invisible
 m - the ring of the Jester {rElec Str+6 Stlth+}
   (You found it in a Gauntlet)

   [ring of strength]

   Str+6:     It affects your strength (+6).
   rElec:     It insulates you from electricity.
   Stlth+:    It makes you more stealthy.
 s - a ring of poison resistance
 t - the amulet of Xom's Recklessness {Faith rCorr SInv}
   (You found it on level 3 of the Dungeon)

   [amulet of faith]

   Faith:     It allows you to gain divine favour quickly.
   SInv:      It lets you see invisible.
   rCorr:     It protects you from acid and corrosion.
 x - the ring of Moderation (left hand) {rElec rC++ rN+ Int-2 Dex+6}
   (You found it in a Gauntlet)

   [ring of dexterity]

   Int-2:     It affects your intelligence (-2).
   Dex+6:     It affects your dexterity (+6).
   rC++:      It greatly protects you from cold.
   rElec:     It insulates you from electricity.
   rN+:       It protects you from negative energy.
 B - a +4 ring of protection
 M - the ring "Goir Yload" {^Contam rF+++ Will- rCorr Slay+4}
   (You took it off a minotaur in a Gauntlet)

   [ring of slaying]

   Slay+4:    It affects your accuracy & damage with ranged weapons and melee
   (+4).
   rF+++:     It renders you almost immune to fire.
   Will-:     It decreases your willpower.
   ^Contam:   It causes magical contamination when unequipped.
   rCorr:     It protects you from acid and corrosion.
 U - the ring "Resop" (right hand) {rF++ AC+4 Str+2 Int+3 Slay+2}
   (You bought it in a shop on level 2 of the Orcish Mines)

   [ring of protection]

   AC+4:      It affects your AC (+4).
   Str+2:     It affects your strength (+2).
   Int+3:     It affects your intelligence (+3).
   Slay+2:    It affects your accuracy & damage with ranged weapons and melee
   (+2).
   rF++:      It greatly protects you from fire.
 W - the ring of Shadows {Umbra +Inv Stlth+}
   (You bought it in a shop on level 2 of the Orcish Mines)

   [ring of stealth]

   Umbra:     It surrounds you with an aura of shadow, increasing your stealth
   and reducing the accuracy of all others within it.
   +Inv:      It lets you turn invisible.
   Stlth+:    It makes you more stealthy.
Wands
 j - a wand of digging (6)
 D - a wand of mindburst (3)
 J - a wand of polymorph (20)
 N - a wand of paralysis (6)
Scrolls
 o - a scroll of enchant weapon
 u - a scroll of immolation
 w - a scroll of blinking
 E - 3 scrolls of identify
 F - 2 scrolls of fog
 Z - 2 scrolls of teleportation
Potions
 b - 3 potions of curing
 f - a potion of haste
 l - 5 potions of cancellation
 C - 5 potions of mutation
 G - 4 potions of ambrosia
 K - 2 potions of enlightenment
 P - 3 potions of might
 T - a potion of heal wounds
Miscellaneous
 i - a phantom mirror (inert)


   Skills:
 - Level 10.0 Fighting
 - Level 14.0 Short Blades
 - Level 5.0 Throwing
 - Level 6.0 Armour
 * Level 15.6 Dodging
 - Level 20.0 Stealth
 - Level 6.0 Shields
 - Level 10.0 Invocations
 - Level 7.5 Evocations


You had 15 spell levels left.
You didn't know any spells.
Your spell library contained the following spells:

 Spells                   Type           Power      Damage    Failure   Level
 Magic Dart               Conj           0%         1d3       45%         1
 Necrotise                Necr           0%         1d4       45%         1
 Sandblast                Erth           0%         2d4       45%         1
 Slow                     Hex            0%         N/A       45%         1
 Sting                    Conj/Alch      0%         1d3       45%         1
 Blink                    Tloc           0%         N/A       58%         2
 Call Imp                 Summ           0%         N/A       58%         2
 Cigotuvi's Dreadful Rot  Necr/Alch/Air  0%         N/A       58%         2
 Ensorcelled Hibernation  Hex/Ice        0%         N/A       58%         2
 Lesser Beckoning         Tloc           0%         N/A       58%         2
 Momentum Strike          Conj/Tloc      0%         3d8       58%         2
 Searing Ray              Conj           0%         2d4       58%         2
 Sublimation of Blood     Necr           0%         N/A       58%         2
 Fugue of the Fallen      Necr           0%         N/A       83%         3
 Ozocubu's Armour         Ice            0%         N/A       83%         3
 Passwall                 Erth           0%         N/A       83%         3
 Stone Arrow              Conj/Erth      0%         3d7       83%         3
 Swiftness                Air            0%         N/A       83%         3
 Vampiric Draining        Necr           0%         2d6       83%         3
 Brom's Barrelling Bould  Conj/Erth      0%         2d3       99%         4
 Fulminant Prism          Conj/Alch      0%         3d5       99%         4
 Ignite Poison            Fire/Alch      0%         N/A       99%         4
 Manifold Assault         Tloc           0%         N/A       99%         4
 Martyr's Knell           Necr/Summ      0%         N/A       99%         4
 Petrify                  Alch/Erth      0%         N/A       99%         4
 Curse of Agony           Necr           0%         N/A       100%        5
 Freezing Cloud           Conj/Ice/Air   0%         6-21      100%        5
 Irradiate                Conj/Alch      0%         3d11      100%        5
 Malign Gateway           Summ/Tloc      0%         N/A       100%        7
 Summon Horrible Things   Summ           0%         N/A       100%        8


Dungeon Overview and Level Annotations

Branches:
Dungeon (15/15)            Temple (1/1) D:7            Lair (5/5) D:8
 Shoals (0/4) Lair:3       Spider (1/4) Lair:3        Slime (0/5) Lair:4
    Orc (2/2) D:10            Elf (0/3) Orc:2        Vaults (0/5) D:14
 Depths (0/4) D:15        Gauntlet (visited)

Altars:
Ashenzari
Cheibriados
Dithmenos
Elyvilon
Fedhas
Gozag
Hepliaklqana
Kikubaaqudgha
Makhleb
Nemelex Xobeh
Okawaru
Qazlal
Ru
Sif Muna
Trog
Uskayaw
Vehumet
Wu Jian
Xom
Yredelemnul
Zin
The Shining One

Shops:
D:4 [   Orc:2 :===

Annotations:
Spider:1 Nikola


Message History

Unknown command.
Hepliaklqana grants C R A B healing and protection!
Nikola mumbles some strange words.
Lightning arcs from Nikola's hands!
The bolt of lightning hits C R A B!!!!
C R A B is destroyed!
A bolt of lightning appears from out of thin air!
The bolt of lightning hits Nikola.
The bolt of lightning hits you!!
Danger: Nikola |T3| Reason: Nikola and no rElec Danger: Nikola |T3| Reason: Nikola in LOS and not silenced or waterlogged Danger: Low HP Warning |T2| Reason: 45% HP (40/87) Unknown command.
Aiming: Mindburst
Press: ? - help, Shift-Dir - straight line, f/p - Nikola
Aim: Nikola, wielding a +2 rapier of electrocution, wearing a +1 cloak of poison resistance and wearing the +0 pair of gloves of Starshine {+Blink} (severely wounded, umbra, chance to affect: 12%)
Okay, then.
Throw: 2 darts (curare)
Press: ? - help, Q - select action, (/) - cycle Shift-Dir - straight line, f/p - Nikola
Aim: Nikola, wielding a +2 rapier of electrocution, wearing a +1 cloak of poison resistance and wearing the +0 pair of gloves of Starshine {+Blink} (severely wounded, umbra, 73% to hit)
You throw a curare-tipped dart. The curare-tipped dart hits Nikola.
Nikola is severely wounded.
Nikola hits you with a +2 rapier of electrocution.
You slip backwards!
Danger: Nikola |T3| Reason: Nikola and no rElec Danger: Nikola |T3| Reason: Nikola in LOS and not silenced or waterlogged Danger: Low HP Warning |T2| Reason: 43% HP (38/87) Unknown command.
Okay, then.
You're wearing all the rings you can.
Remove which one? (? for menu, Esc to cancel) < or
W - the ring of Shadows {Umbra +Inv Stlth+} > or
U - the ring "Resop" {rF++ AC+4 Str+2 Int+3 Slay+2} You remove the ring of Shadows {Umbra +Inv Stlth+}.
You feel agile.
You feel stupid.
x - the ring of Moderation (left hand) {rElec rC++ rN+ Int-2 Dex+6} Nikola gestures wildly while chanting.
Lightning arcs from Nikola's hands!
The bolt of lightning hits you!!! You resist.
Ouch! That really hurt!
You die...

##..##.....#.##
##...#
.#..##...#....#
#...##
.#....^.##...###
####...
........##.#...#
#...>^.
...###.#####..###
##.^##. ##..####
#^.....#### #..#..
...####
##.#...#.^# #..##.
....#.##
###.#....# ######
###....# ####@.###
#.. ####..##
#.@#.#.# ####^.
##.#..####
##.$...# ##.....
......#..#
#...(...# #.?..#.
........#####
#..#.#..# #######
#####...#.#.#
...#### ##
#...........###..
### #
.....#.#......###
##.###
..######..##....##
#....#


You could see Nikola.

Vanquished Creatures
  Frances (D:13)
  Gastronok (Lair:2)
  A dire elephant (D:15)
  A spark wasp (Spider:1)
  A vault guard (D:14)
  Josephine (Lair:3)
  4 hydras
  A rakshasa (D:15)
  4 centaur warriors
  A catoblepas (Lair:5)
  Erica (D:8)
  The ghost of MysticSailboat the Basher, a novice MiMo of Hepliaklqana (D:9)
  9 two-headed ogres
  3 boulder beetles
  2 hell hogs (Lair:5)
  3 orc high priests
  6 death yaks
  Amaemon (Lair:3)
  Lodul (D:13)
  An orb spider (Spider:1)
  3 large abominations (Gauntlet)
  A deep troll (Orc:1)
  A steelbarb worm (Spider:1)
  A wolf spider (Lair:3)
  6 orc knights
  A shining eye (Lair:4)
  A deep elf pyromancer (D:12)
  An oklob plant (Lair:2)
  3 orc sorcerers
  17 ugly things
  6 manticores
  4 cyclopes
  A salamander (D:15)
  2 slime creatures (D:12)
  2 meliai
  5 black mambas (Lair:5)
  A merfolk siren (Lair:3)
  7 kobold blastminers
  A torpor snail (Lair:4)
  A black mamba (shapeshifter) (D:15)
  2 molten gargoyles (Lair:5)
  3 elephants (Lair:3)
  An orange demon (Lair:3)
  The ghost of Sirjeffry24 the Cleaver, a novice HOFi (D:5)
  2 gargoyles
  A cane toad (shapeshifter) (D:15)
  Jeremiah (D:8)
  An unseen horror (D:11)
  An efreet (D:12)
  4 rime drakes
  10 cane toads
  3 yaktaurs (D:15)
  16 komodo dragons
  2 freezing wraiths (D:15)
  A tengu conjurer (D:15)
  A queen bee (Lair:2)
  6 trolls
  A polar bear (Lair:5)
  A wolf spider simulacrum (D:14)
  Grinder (D:6)
  2 hornets
  7 blink frogs
  A tarantella (Spider:1)
  6 jumping spiders (Spider:1)
  5 culicivoras (Spider:1)
  A centaur simulacrum (D:15)
  9 wyverns
  Sigmund (D:6)
  21 yaks
  A vampire (D:13)
  7 wraiths
  3 hogs (Lair:2)
  10 basilisks
  5 steam dragons
  2 wargs
  13 redbacks
  Duvessa (D:6)
  11 water moccasins
  3 hell hounds (Lair:5)
  17 orc warriors
  3 ice beasts
  3 black bears
  A laughing skull (D:12)
  13 ogres
  A tengu (D:7)
  11 wolves
  11 centaurs
  2 phantoms
  2 kobold brigands
  11 bullfrogs
  A gnoll sergeant (D:7)
  2 small abominations (Gauntlet)
  Dowan (D:6)
  19 killer bees
  An electric eel (D:7)
  A jelly (D:6)
  3 lava snakes (Lair:5)
  3 hounds
  2 bombardier beetles (D:5)
  Crazy Yiuf (D:6)
  2 sleepcaps
  A gnoll bouda (D:7)
  24 orc priests
  2 iguanas
  20 orc wizards
  2 hound zombies (D:3)
  7 gnolls
  8 adders
  2 adder skeletons (D:3)
  An adder zombie (D:3)
  A dart slug (D:1)
  74 orcs
  6 bats
  2 endoplasms
  3 giant cockroaches
  6 goblins
  2 hobgoblins
  2 jackals (D:3)
  5 quokkas
  A frilled lizard (D:1)
  A giant cockroach zombie (D:3)
  10 kobolds
  A quokka skeleton (D:3)
  6 rats
575 creatures vanquished.

Vanquished Creatures (collateral kills)
  Kirke (Lair:3)
  A minotaur (Gauntlet)
  A great orb of eyes (D:15)
  A catoblepas (Lair:2)
  An ogre mage (D:15)
  A death knight (D:15)
  A centaur warrior (D:14)
  3 hydras (Lair:5)
  A two-headed ogre (D:15)
  2 death yaks (Lair:5)
  An orc high priest (Orc:2)
  A fire crab (Lair:4)
  A steelbarb worm (Spider:1)
  An orc sorcerer (Orc:2)
  3 cyclopes
  2 ugly things (D:15)
  3 elephants
  A meliai (D:14)
  A moth of wrath (Gauntlet)
  3 black mambas
  A molten gargoyle (Lair:5)
  A kobold demonologist (D:11)
  A rime drake (Lair:4)
  5 cane toads
  5 komodo dragons
  Psyche (D:8)
  An efreet (D:14)
  3 blink frogs (Lair:4)
  A jumping spider (Spider:1)
  A slime creature (D:12)
  2 spriggans
  2 culicivoras (Spider:1)
  4 yaks
  2 wyverns
  2 basilisks
  A warg (Orc:1)
  A small abomination (Gauntlet)
  2 redbacks (Spider:1)
  2 acid dragons (D:11)
  A hell hound (Lair:5)
  2 water moccasins
  4 orc warriors
  3 ogres
  A laughing skull (D:12)
  6 centaurs
  8 wolves
  A kobold brigand (D:10)
  2 bullfrogs
  A scorpion (D:6)
  13 killer bees
  A howler monkey (D:11)
  2 lava snakes (Lair:5)
  4 orc priests
  18 orc wizards
  13 orcs
  3 kobolds
151 creatures vanquished.

Vanquished Creatures (others)
  A lindwurm (Lair:5)
  2 killer bees (Lair:2)
  An orc wizard (Orc:2)
  13 hexers
17 creatures vanquished.

Grand Total: 743 creatures vanquished

Notes
Turn   | Place    | Note
-------+----------+-------------------------------------------
     0 | D:1      | Implojin the Deep Elf Brigand began the quest for the Orb.
     0 | D:1      | Reached XP level 1. HP: 12/12 MP: 3/3
   327 | D:1      | Reached XP level 2. HP: 16/16 MP: 4/4
  1163 | D:2      | Found a faded altar of an unknown god.
  1172 | D:2      | Got Plato's Almanac of the Tincture
  1528 | D:2      | Reached XP level 3. HP: 20/20 MP: 5/5
  1927 | D:3      | Identified the amulet of Xom's Recklessness {Faith rCorr
                  | SInv}
  2124 | D:3      | Reached XP level 4. HP: 23/25 MP: 6/6
  2333 | D:3      | Reached skill level 5 in Short Blades
  2612 | D:3      | Found a glowing golden altar of the Shining One.
  2671 | D:4      | Noticed an ogre
  2690 | D:4      | Found a shadowy altar of Dithmenos.
  2782 | D:4      | Noticed an ogre
  2850 | D:4      | Found Qyha's Armour Emporium.
  3173 | D:4      | Noticed a phantom
  3200 | D:4      | Killed a phantom
  3201 | D:4      | Reached XP level 5. HP: 21/29 MP: 7/7
  3687 | D:5      | Entered Level 5 of the Dungeon
  3687 | D:5      | Noticed an ice beast
  3688 | D:5      | Found a transporter.
  3689 | D:5      | Killed an ice beast
  3690 | D:5      | Reached XP level 6. HP: 36/36 MP: 8/8
  3749 | D:5      | Reached skill level 1 in Evocations
  3839 | D:5      | Found a transporter.
  3839 | D:5      | Noticed Sirjeffry24's ghost (novice HOFi)
  3842 | D:5      | Identified the +1 dire flail of Hekhethrio {drain, rElec
                  | rF+++ Will- Str-4}
  4092 | D:5      | Reached XP level 7. HP: 35/41 MP: 9/9
  4644 | D:5      | Reached skill level 5 in Evocations
  4958 | D:6      | Reached skill level 5 in Dodging
  4958 | D:6      | Reached XP level 8. HP: 35/46 MP: 10/10
  5007 | D:6      | Noticed a cyclops
  5011 | D:6      | Noticed Duvessa
  5011 | D:6      | Noticed Dowan
  5490 | D:4      | Bought the +2 pair of slick slippers {slick, slippery,
                  | EV+4} for 270 gold pieces
  5490 | D:4      | Found the +2 pair of slick slippers {slick, slippery, EV+4}
  5682 | D:6      | HP: 2/46 [orc priest/divine providence (14)]
  5883 | D:6      | Noticed Grinder
  5890 | D:6      | Killed Grinder
  5910 | D:6      | Killed a cyclops
  5911 | D:6      | Reached XP level 9. HP: 31/52 MP: 11/11
  5925 | D:6      | Found an ancient bone altar of Kikubaaqudgha.
  6413 | D:7      | Noticed Maurice
  6424 | D:7      | Maurice changed into Maurice the tengu
  6424 | D:7      | Noticed Maurice
  6444 | D:7      | Killed Maurice the tengu
  7139 | D:7      | Reached skill level 10 in Short Blades
  7359 | D:7      | Reached skill level 5 in Fighting
  7524 | D:7      | Found a staircase to the Ecumenical Temple.
  7604 | Temple   | Entered the Ecumenical Temple
  7616 | Temple   | Became a worshipper of Hepliaklqana the Forgotten
  8184 | D:8      | Noticed Erica
  8555 | D:8      | Noticed Psyche
  8578 | D:8      | Noticed a meliai
  8639 | D:8      | Found an ornate altar of the Wu Jian Council.
  8745 | D:8      | Reached XP level 10. HP: 29/60 MP: 12/12
  8900 | D:8      | Noticed a two-headed ogre
  8917 | D:8      | Killed a two-headed ogre
  9221 | D:8      | Noticed a gargoyle
  9221 | D:8      | Noticed a cyclops
  9221 | D:8      | Noticed a cyclops
  9221 | D:8      | Noticed a manticore
  9242 | D:8      | Found a bloodstained altar of Trog.
  9515 | D:8      | Noticed Jeremiah
  9516 | D:8      | Killed Jeremiah
  9541 | D:8      | Reached * piety under Hepliaklqana
  9624 | D:8      | Found a staircase to the Lair.
  9690 | D:9      | Found a runed translucent door.
  9690 | D:9      | Noticed MysticSailboat's ghost (novice MiMo)
  9949 | D:9      | Reached skill level 10 in Dodging
  9984 | D:9      | Reached ** piety under Hepliaklqana
  9985 | D:9      | Remembered your ancestor C R A B as a hexer
 10009 | D:9      | Found a radiant altar of Vehumet.
 10374 | D:9      | Found an opulent altar of Gozag.
 10375 | D:9      | Found a glowing silver altar of Zin.
 10421 | D:10     | Entered Level 10 of the Dungeon
 10421 | D:10     | Noticed a gargoyle
 10437 | D:10     | Killed a gargoyle
 11146 | D:10     | Reached XP level 11. HP: 57/57 MP: 13/13
 11559 | D:10     | Found a staircase to the Orcish Mines.
 12118 | D:11     | Reached *** piety under Hepliaklqana
 12384 | D:11     | Identified the +6 ring mail of Woeraguss {+Inv rF- rC++
                  | Str+3}
 12453 | D:11     | Found Gozag's Platinum Reserve.
 12455 | D:11     | Found an opulent altar of Gozag.
 12971 | D:11     | Found an opulent altar of Gozag.
 13557 | Lair:1   | Entered Level 1 of the Lair of Beasts
 13560 | Lair:1   | Noticed Harold
 13594 | D:8      | Reached skill level 5 in Stealth
 13667 | D:8      | Killed Psyche
 13841 | D:6      | Killed Duvessa
 13854 | D:6      | Killed Dowan
 13855 | D:6      | Reached skill level 6 in Stealth
 13871 | D:6      | Noticed Sigmund
 13876 | D:6      | Killed Sigmund
 14172 | D:6      | Found an ancient bone altar of Kikubaaqudgha.
 14302 | D:6      | Found a runed translucent door.
 14303 | D:6      | Noticed Crazy Yiuf
 14310 | D:6      | Killed Crazy Yiuf
 14598 | D:5      | Killed Sirjeffry24's ghost
 14599 | D:5      | Reached skill level 7 in Stealth
 14955 | D:8      | Killed Erica
 14956 | D:8      | Reached skill level 8 in Stealth
 15199 | Lair:1   | Harold changed into Harold the spriggan
 15199 | Lair:1   | Noticed Harold
 15209 | Lair:1   | Killed Harold the spriggan
 15247 | Lair:1   | Reached skill level 9 in Stealth
 15357 | Lair:1   | Reached skill level 10 in Stealth
 15476 | Lair:1   | You fall into a shaft and drop 1 floor!
 15632 | Lair:1   | Reached skill level 11 in Stealth
 15651 | Lair:1   | Reached **** piety under Hepliaklqana
 15834 | Lair:1   | Reached XP level 12. HP: 48/65 MP: 14/14
 16177 | Lair:2   | Noticed a catoblepas
 16179 | Lair:2   | Reached skill level 12 in Stealth
 16230 | Lair:2   | Killed a catoblepas
 16758 | Lair:2   | Reached skill level 5 in Invocations
 16827 | Lair:2   | Identified the blade talisman "Pyluox" {rC- Dex+6}
 16920 | Lair:2   | Noticed Gastronok
 17112 | Lair:2   | Killed Gastronok
 17387 | Lair:2   | Found a blossoming altar of Fedhas.
 17673 | Lair:3   | Found a gate leading to a gauntlet.
 17712 | Gauntlet | Entered a Gauntlet
 17712 | Gauntlet | Found a transporter.
 17715 | Gauntlet | Found a transporter.
 17717 | Gauntlet | Found a transporter.
 17718 | Gauntlet | Noticed a death scarab
 17719 | Gauntlet | Noticed a death scarab
 17720 | Gauntlet | Found a transporter.
 17720 | Gauntlet | Found a transporter.
 17721 | Gauntlet | Found a transporter.
 17726 | Gauntlet | Noticed a quicksilver ooze
 17733 | Gauntlet | Found a transporter.
 17762 | Gauntlet | Found a transporter.
 17762 | Gauntlet | Found a transporter.
 17763 | Gauntlet | Noticed a cacodemon
 17767 | Gauntlet | Found a transporter.
 17781 | Gauntlet | Found a transporter.
 17875 | Gauntlet | Found a transporter.
 17879 | Gauntlet | Reached ***** piety under Hepliaklqana
 17929 | Gauntlet | Identified the amulet of Hiofoh {Reflect rPois Will+ rCorr
                  | SH+5}
 17992 | Gauntlet | Reached skill level 10 in Invocations
 18070 | Gauntlet | Identified the ring of the Jester {rElec Str+6 Stlth+}
 18075 | Gauntlet | Identified the +7 war axe "Ciovi" {flame, rC+}
 18092 | Gauntlet | Identified the ring "Goir Yload" {^Contam rF+++ Will- rCorr
                  | Slay+4}
 18092 | Gauntlet | Noticed a minotaur
 18106 | Gauntlet | Killed a minotaur
 18121 | Gauntlet | Identified the ring of Moderation {rElec rC++ rN+ Int-2
                  | Dex+6}
 18167 | Gauntlet | Identified a scroll of acquirement
 18234 | Gauntlet | Acquired a manual of Stealth
 18296 | Lair:3   | Noticed Josephine
 18316 | Lair:3   | Killed Josephine
 18317 | Lair:3   | Reached skill level 5 in Throwing
 18317 | Lair:3   | Reached XP level 13. HP: 69/70 MP: 22/22
 18408 | Lair:3   | Reached skill level 13 in Stealth
 18636 | Lair:3   | Found a hole to the Spider Nest.
 18789 | Lair:3   | Noticed Amaemon
 18810 | Lair:2   | Reached skill level 14 in Stealth
 19062 | Lair:3   | Reached skill level 15 in Stealth
 19311 | Lair:3   | Reached skill level 16 in Stealth
 19410 | Lair:3   | Killed Amaemon
 19497 | Lair:3   | Reached skill level 17 in Stealth
 19509 | Lair:3   | Noticed Kirke
 19704 | Lair:3   | Killed Kirke
 19705 | Lair:3   | Reached skill level 18 in Stealth
 20048 | Lair:3   | Found a staircase to the Shoals.
 20072 | Lair:3   | Reached skill level 19 in Stealth
 20462 | Lair:4   | Identified the +6 scale mail of Moawn {-Cast rPois rN+}
 20704 | Lair:4   | Reached skill level 20 in Stealth
 20808 | Lair:4   | Found a staircase to the Slime Pits.
 21588 | Lair:4   | Reached XP level 14. HP: 65/74 MP: 23/23
 21667 | Lair:5   | Entered Level 5 of the Lair of Beasts
 23241 | Lair:5   | Found a large runed translucent door.
 23291 | Lair:5   | Found a large runed translucent door.
 25380 | D:8      | Found an ornate altar of the Wu Jian Council.
 25703 | D:8      | Found a staircase to the Lair.
 25850 | D:8      | Found a bloodstained altar of Trog.
 26074 | D:9      | Killed MysticSailboat's ghost
 27196 | D:12     | Found a shimmering blue altar of Sif Muna.
 27209 | D:12     | Got Sif Muna's Compilation of Curses
 27213 | D:12     | Got Sif Muna's Omnibus of Dark Words
 27284 | D:13     | Reached skill level 10 in Fighting
 27302 | D:13     | Reached skill level 1 in Armour
 27582 | D:13     | Noticed Lodul
 27621 | D:13     | Killed Lodul
 27800 | D:13     | Reached XP level 15. HP: 75/82 MP: 24/24
 28141 | D:13     | Noticed Frances
 28155 | D:13     | Killed Frances
 28970 | D:14     | Reached skill level 5 in Armour
 29055 | D:14     | Found a gate to the Vaults.
 29717 | D:14     | Reached skill level 1 in Shields
 30512 | D:14     | Found a gate to the Vaults.
 30888 | D:15     | Entered Level 15 of the Dungeon
 31152 | D:15     | Reached skill level 5 in Shields
 31612 | D:15     | Found a staircase to the Depths.
 32333 | D:15     | Found a faded altar of an unknown god.
 32335 | D:15     | Found a faded altar of an unknown god.
 32335 | D:15     | Found a hazy altar of Hepliaklqana.
 32673 | Orc:1    | Entered Level 1 of the Orcish Mines
 33760 | Orc:2    | Entered Level 2 of the Orcish Mines
 34063 | Orc:2    | Reached XP level 16. HP: 69/87 MP: 25/25
 34164 | Orc:2    | Found Ahosimpi's Jewellery Emporium.
 34164 | Orc:2    | Found Ymuuc's Book Boutique.
 34258 | Orc:2    | Found Hawoluck's Jewellery Boutique.
 34258 | Orc:2    | Found Ytsoi's Jewellery Emporium.
 34313 | Orc:2    | Found a staircase to the Elven Halls.
 34818 | Orc:2    | Bought the ring "Resop" {rF++ AC+4 Str+2 Int+3 Slay+2} for
                  | 1191 gold pieces
 34826 | Orc:2    | Bought the ring of Shadows {Umbra +Inv Stlth+} for 600 gold
                  | pieces
 34826 | Orc:2    | Found the ring of Shadows {Umbra +Inv Stlth+}
 35063 | Spider:1 | Entered Level 1 of the Spider Nest
 35171 | Spider:1 | Reached skill level 15 in Dodging
 35388 | Spider:1 | Identified the +0 pair of gloves of Starshine {+Blink}
 35388 | Spider:1 | Noticed Nikola
 35950 | Spider:1 | Killed from afar by Nikola

Illustrated notes

Levels and vault maps discovered:
D:1:      minmay_arrival_hallway, layout_basic
D:2:      layout_loops_ring, shapermc_ecumenical_altar_rom_forum
D:3:      layout_loops_corners, tso_oasis_becter, serial_undead,
          serial_undead_d, serial_undead_a, serial_undead_d, serial_undead_e,
          serial_undead_b, serial_undead_f
D:4:      layout_loops_ring, nicolae_dithmenos_shadow_blocks, serial_shops,
          shop, minmay_tree_intersection
D:5:      layout_cave_pools, gammafunk_ghost_smash, small_statue_intersection,
          st_stairs_6
D:6:      layout_rooms, lemuel_coloured_pillars_altar, uniq_grinder,
          uniq_duvessa, uniq_sigmund, uniq_crazy_yiuf_cottage
D:7:      layout_loops_ring, minmay_temple_entry_poolview, minivault_4,
          nicolae_grassy_gnolls, uniq_maurice
D:8:      nzn_winding_woodlands_three_and_one
          [nzn_winding_woodlands_5x15_pockets,
          nzn_winding_woodlands_5x15_longhouse,
          nzn_winding_woodlands_5x15_lazy_stream,
          nzn_winding_woodlands_center_lodge], layout_loops_ring, trog_book,
          nicolae_wu_jian_wuxing_cycle, dk_vineyard_1, uniq_erica, uniq_psyche,
          uniq_jeremiah
D:9:      layout_cross, grunt_temple_overflow_gold_and_silver,
          vehumet_altar_wand_db, gammafunk_ghost_grave
D:10:     layout_gridville, david_orc_4
D:11:     layout_irregular_city, nicolae_gozag_zags_fifth_avenue
D:12:     layout_basic, nicolae_sif_muna_little_library
D:13:     layout_roguey, uniq_lodul, uniq_frances
D:14:     layout_loops_ring, david_vaults_5, nicolae_benzene_ring
D:15:     hangedman_depths_entry_try_elsewhere_first, layout_loops_ring,
          nicolae_hepliaklqana_ecumenical_no_more
Temple:   nicolae_temple_ecumenical_triangle
Lair:1:   layout_small_grid, grunt_megastairs_2, uniq_harold
Lair:2:   regret_index_bee_streams, layout_misc_corridors, minmay_holes,
          tgw_fedhas, uniq_gastronok
Lair:3:   layout_hall_layers, mainiacjoe_shoals_entry_four_pools,
          spider_nest_entry_funnel_web, gauntlet_entry_generic,
          beast_lair_carwin_10, infiniplex_staircase_pool, uniq_kirke,
          uniq_amaemon, uniq_josephine
Lair:4:   layout_cave_pods, slime_entry_1, nicolae_lair_lil_pond,
          nzn_random_ring
Lair:5:   cheibrodos_lair_end_hotspot, layout_concentric_octagons,
          grunt_forest_large_clearing_hut
Spider:1: layout_spider_delve, uniq_nikola
Orc:1:    layout_caves, basic_altar, guppyfry_orc_lava_fort
Orc:2:    grunt_orc_tribal_feast, layout_caves

Skill      XL: |  1  2  3  4  5  6  7  8  9 10 11 12 13 14 15 16 |
---------------+-------------------------------------------------+-----
Short Blades   | 3 4 5 6 8 10 11 14 | 14.0
Fighting       | 2 3 4 6 7 10 | 10.0
Evocations     | 4 5 7 |  7.5
Dodging        | 5 12 14 15 | 15.6
Stealth        | 11 12 20 | 20.0
Invocations    | 10 | 10.0
Throwing       | 5 |  5.0
Armour         | 3 6 |  6.0
Shields        | 6 |  6.0

Action                     |  1- 3 |  4- 6 |  7- 9 | 10-12 | 13-15 | 16-18 || total
---------------------------+-------+-------+-------+-------+-------+-------++-------
  Melee: Dagger            |   136 |   154 |   358 |       |       |       ||   648
         Punch             |       |     4 |    10 |    21 |    33 |       ||    68
         Short sword       |       |       |   189 |  1268 |  1939 |   202 ||  3598
         Unarmed           |       |       |     2 |       |       |       ||     2
  Throw: Dart              |       |    38 |   126 |    43 |    23 |     8 ||   238
         Boomerang         |       |       |    10 |       |     7 |       ||    17
         Throwing net      |       |       |       |     3 |     5 |     2 ||    10
         Javelin           |       |       |       |     2 |       |       ||     2
 Invoke: Ancestor Life: He |       |       |       |     1 |       |       ||     1
         Ancestor Identity |       |       |       |     1 |       |       ||     1
         Recall Ancestor   |       |       |       |     4 |     6 |     2 ||    12
         Idealise          |       |       |       |     4 |     6 |     1 ||    11
  Evoke: Wand              |       |     2 |    36 |    12 |    28 |       ||    78
         Phantom mirror    |       |       |       |     1 |     5 |       ||     6
    Use: Scroll            |     2 |     2 |     6 |    20 |    10 |     1 ||    41
         Potion            |     1 |     1 |     5 |    12 |     6 |     1 ||    26
   Stab: Sleeping          |    15 |     5 |     4 |     6 |    15 |    10 ||    55
         Paralysed         |       |     2 |     4 |       |    34 |    14 ||    54
         Distracted        |       |       |       |    19 |    42 |     1 ||    62
         Confused          |       |       |       |    25 |    41 |     5 ||    71
         Held in net/web   |       |       |       |     5 |     5 |       ||    10
         Invisible         |       |       |       |       |     1 |       ||     1
 Armour: Robe              |    24 |       |       |       |       |       ||    24
         Leather armour    |    29 |    57 |   253 |   146 |       |       ||   485
         Skin              |       |       |     5 |       |       |       ||     5
         Ring mail         |       |       |       |   134 |   527 |    38 ||   699
  Dodge: Dodged            |    56 |    58 |   384 |   709 |   842 |    94 ||  2143
  Block: Other             |    12 |    24 |    59 |     3 |   176 |       ||   274
         Reflection        |     1 |       |     1 |       |    11 |       ||    13
         Buckler           |       |       |       |       |   112 |    82 ||   194

Table legend: (Time is in decaauts)
 A = Elapsed time spent in this place.
 B = Non-inter-level travel time spent in this place.
 C = Inter-level travel time spent in this place.
 D = Time resting spent in this place.
 E = Time spent auto-exploring this place.
 F = Levels seen in this place.
 G = Mean time per level.
                   A        B        C        D        E       F      G
               +--------+--------+--------+--------+--------+-----+--------+
         Total |  33466 |  31513 |   1953 |   3949 |  19211 |  25 | 1338.6 |
       Dungeon |  22105 |  20638 |   1467 |   2723 |  13102 |  15 | 1473.7 |
        Temple |     23 |     23 |      0 |      0 |      0 |   1 |   23.0 |
          Lair |   8179 |   7797 |    382 |    948 |   4487 |   5 | 1635.8 |
   Spider Nest |    810 |    810 |      0 |      0 |    587 |   1 |  810.0 |
  Orcish Mines |   1831 |   1728 |    103 |    246 |   1013 |   2 |  915.5 |
      Gauntlet |    516 |    516 |      0 |     32 |     22 |   1 |  516.0 |
               +--------+--------+--------+--------+--------+-----+--------+

Top non-repeatable levels by time:
     D:8: 3117 daAuts
    D:14: 2741 daAuts
  Lair:5: 2463 daAuts
     D:6: 2077 daAuts
  Lair:2: 1935 daAuts
     D:7: 1703 daAuts
  Lair:4: 1657 daAuts
    D:11: 1575 daAuts
    D:10: 1360 daAuts
     D:5: 1280 daAuts
     D:4: 1213 daAuts
  Lair:3: 1212 daAuts
    D:15: 1160 daAuts
     D:9: 1154 daAuts
    D:13: 1088 daAuts
